 Dungeon Crawl Stone Soup version 0.28-a0-194-g42b4daccc1 (webtiles) character file.

Game seed: 8282132240373714757

18 rabbitsville the Skirmisher (level 2, 0/49 HPs)
             Began as an Ogre Berserker on Aug 18, 2021.
             Was a Follower of Trog.
             Slain by Sigmund (13 damage)
             ... on level 2 of the Dungeon.
             The game lasted 00:02:39 (572 turns).

rabbitsville the Skirmisher (Ogre Berserker)         Turns: 572, Time: 00:02:40

Health: 0/49       AC:  3    Str: 20    XL:     2   Next: 70%
Magic:  2/2        EV: 10    Int:  8    God:    Trog [*.....]
Gold:   10         SH:  0    Dex:  8    Spells: 1/1 levels left

rFire   . . .      SeeInvis .   a - +0 spear
rCold   . . .      Faith    .   (no shield)
rNeg    . . .      Spirit   .   b - +0 animal skin
rPois   .          Reflect  .   (helmet restricted)
rElec   .          Harm     .   (no cloak)
rCorr   .          Rampage  .   (gloves unavailable)
Will    .....                   (boots unavailable)
Stlth   ..........              (no amulet)
HPRegen 0.16/turn               (no ring)
MPRegen 0.08/turn               (no ring)

@: berserking (expiring), very quick
A: large, unfitting armour, tough skin 1
a: Renounce Religion, Berserk


You were on level 2 of the Dungeon.
You worshipped Trog.
Trog was aware of your devotion.
You visited 1 branch of the dungeon, and saw 2 of its levels.

You collected 10 gold pieces.

Inventory:

Hand Weapons
 a - a +0 spear (weapon)
Armour
 b - a +0 animal skin (worn)
Potions
 c - a potion of haste {unknown}
 d - a potion of resistance {unknown}


   Skills:
 + Level 4.4 Fighting
 * Level 3.6 Polearms
 - Level 2.6 Dodging


You had one spell level left.
You didn't know any spells.
Your spell library was empty.

Dungeon Overview and Level Annotations

Branches:
Dungeon (1/15)

Altars:

Shops:
D:2 [

Annotations:
D:2 Sigmund


Innate Abilities, Weirdness & Mutations

You are too large for most types of armour.
You have tough skin. (AC +1)


Message History

Press: ? - help, Dir - move target You reach to attack!
You barely miss something.
Reach: a) +0 spear
Press: ? - help, Dir - move target You reach to attack!
You barely miss something. Something hits you.
Reach: a) +0 spear
Press: ? - help, Dir - move target You reach to attack!
You closely miss something.
Reach: a) +0 spear
Press: ? - help, Dir - move target You reach to attack!
You closely miss something. Something hits you.
Reach: a) +0 spear
Press: ? - help, Dir - move target You reach to attack!
You closely miss something.
Reach: a) +0 spear
Press: ? - help, Dir - move target You reach to attack!
You hit something. Something hits you.
Reach: a) +0 spear
Press: ? - help, Dir - move target You reach to attack!
You barely miss something.
Reach: a) +0 spear
Press: ? - help, Dir - move target You reach to attack!
You barely miss something.
Reach: a) +0 spear
Press: ? - help, Dir - move target You reach to attack!
You miss something. Something hits you!
Reach: a) +0 spear
Press: ? - help, Dir - move target You reach to attack!
You closely miss something.
Reach: a) +0 spear
Press: ? - help, Dir - move target You reach to attack!
You miss something. Something hits you.
* * * LOW HITPOINT WARNING * * *
Reach: a) +0 spear
Press: ? - help, Dir - move target You reach to attack!
You closely miss something.
Reach: a) +0 spear
Press: ? - help, Dir - move target You reach to attack!
You miss something. Something hits you!
You die...

.##### .#... .
##..#. .# #.... ..
#...#.#.#
#.{#....#
#.....#.#
#@##..#.#
#.##..#.#
#.##..#.#
#.##....##########
#.##.....†........
#.......##########
####.#### ### #.#
#.. #.# #.#


There were no monsters in sight!

Vanquished Creatures
  An adder (D:2)
  A dart slug (D:2)
  A hobgoblin (D:2)
  A kobold (D:2)
  2 quokkas (D:1)
  A rat (D:2)
7 creatures vanquished.

Notes
Turn   | Place    | Note
-------+----------+-------------------------------------------
     0 | D:1      | rabbitsville the Ogre Berserker began the quest for the
                  | Orb.
     0 | D:1      | Reached XP level 1. HP: 24/24 MP: 1/1
    63 | D:1      | You fall into a shaft and drop 1 floor!
    63 | D:2      | Found Dog Moeq's Antique Armour Shop.
   137 | D:2      | Reached XP level 2. HP: 16/33 MP: 2/2
   550 | D:2      | Noticed Sigmund
   572 | D:2      | Slain by Sigmund

Illustrated notes

Levels and vault maps discovered:
D:1:      ldierk_water_garden, layout_rooms,
          shapermc_ecumenical_altar_mp_vishouse, serial_shops, shop
D:2:      layout_loops_ring, serial_shops, nicolae_lakefront_shop, uniq_sigmund

Action                   || total
-------------------------++-------
Melee: Spear             ||    40
Invok: Berserk           ||     1
Armor: Animal skin       ||     6
Dodge: Dodged            ||     6

Table legend: (Time is in decaauts)
 A = Elapsed time spent in this place.
 B = Non-inter-level travel time spent in this place.
 C = Inter-level travel time spent in this place.
 D = Time resting spent in this place.
 E = Time spent auto-exploring this place.
 F = Levels seen in this place.
 G = Mean time per level.
                   A        B        C        D        E       F      G
               +--------+--------+--------+--------+--------+-----+--------+
         Total |    565 |    565 |      0 |    283 |    189 |   2 |  282.5 |
       Dungeon |    565 |    565 |      0 |    283 |    189 |   2 |  282.5 |
               +--------+--------+--------+--------+--------+-----+--------+

Top non-repeatable levels by time:
     D:2: 501 daAuts
     D:1: 64 daAuts
